 Dungeon Crawl Stone Soup version 0.29.1-12-g30fa7ad0bf (webtiles) character file.

Game seed: 989728384092938383

99 Sanktem7 the Covered (level 4, -2/41 HPs)
             Began as a Minotaur Fighter on Dec 26, 2022.
             Slain by a gnoll
             ... wielding a +0 club
              (7 damage)
             ... on level 3 of the Dungeon.
             The game lasted 00:01:53 (1625 turns).

Sanktem7 the Covered (Minotaur Fighter)             Turns: 1625, Time: 00:01:54

Health: -2/41      AC:  7    Str: 22    XL:     4   Next: 45%
Magic:  3/3        EV:  9    Int:  5    God:
Gold:   165        SH:  4    Dex: 10    Spells: 3/3 levels left

rFire   . . .      SeeInvis .   a - +0 flail {mace}
rCold   . . .      Faith    .   c - +0 buckler
rNeg    . . .      Spirit   .   b - +0 scale mail
rPois   .          Reflect  .   (helmet restricted)
rElec   .          Harm     .   (no cloak)
rCorr   .          Rampage  .   (no gloves)
Will    +....                   (no boots)
Stlth   ..........              m - amulet of the acrobat
HPRegen 0.13/turn               g - ring of willpower
MPRegen 0.08/turn               (no ring)

@: no status effects
A: horns 2, retaliatory headbutt
a: no special abilities


You were on level 3 of the Dungeon.
You visited 1 branch of the dungeon, and saw 3 of its levels.

You collected 165 gold pieces.


Innate Abilities, Weirdness & Mutations

You have a pair of horns on your head.
You reflexively headbutt those who attack you in melee.


   Skills:
 * Level 4.7 Fighting
 * Level 3.8 Maces & Flails
 * Level 4.7 Armour
 - Level 3.6 Shields


You had 3 spell levels left.
You didn't know any spells.
Your spell library contained the following spells:

 Spells                   Type           Power      Damage    Failure   Level
 Sandblast                Erth           0%         2d4       87%         1
 Blink                    Tloc           0%         N/A       95%         2
 Passwall                 Tmut/Erth      0%         N/A       95%         2
 Lesser Beckoning         Tloc           0%         N/A       99%         3
 Stone Arrow              Conj/Erth      0%         3d7       99%         3
 Manifold Assault         Tloc           0%         N/A       100%        5

Inventory:

Hand Weapons
 a - a +0 flail (weapon) {mace}
Missiles
 h - 3 atropa-tipped darts (quivered) {throwing}
 n - 2 poisoned darts {throwing}
 o - 6 boomerangs {throwing}
 q - 5 stones {throwing}
Armour
 b - a +0 scale mail (worn)
 c - a +0 buckler (worn)
Jewellery
 g - a ring of willpower (left hand)
   (You found it on level 1 of the Dungeon)
 m - an amulet of the acrobat (around neck)
   (You found it on level 2 of the Dungeon)
Scrolls
 e - 3 scrolls of identify {unknown}
 i - a scroll of teleportation {unknown}
Potions
 d - a potion of might
 f - a potion of mutation {unknown}
 j - a potion of brilliance {unknown}
 k - 2 potions of lignification {unknown}
 l - a potion of resistance {unknown}
 p - a potion of flight {unknown}

Dungeon Overview and Level Annotations

Branches:
Dungeon (2/15) Zot: 16345

Altars:

Annotations:
D:3 Natasha

....# ..... ......
...... ....# #..##
####... #5.# .......
......#g#####.......
#.... #hg@.##.......
#... ####.##.......
#.. ##. #..#.......
#.. # ##.#........#
#.. #..........# #..
##..####...###..
########)##.........#
..........#..........
........#.#..........


You could see Natasha, 2 gnolls and a shadow imp (summoned).


Message History

A rat comes into view.
The rat moves out of view.
There is a large open door here.
No target in view!
No target in view!
No target in view!
No target in view!
No target in view!
No target in view!
An adder comes into view.
The adder hisses angrily.
There are monsters nearby!
You hit the adder. The adder closely misses you. You furiously retaliate!
You headbutt the adder. You hit the adder.
You kill the adder!
You sock the rat!
You kill the rat!
No target in view!
No target in view!
No target in view!
No target in view!
No target in view!
No target in view!
No target in view!
No target in view!
No target in view!
No target in view!
No target in view!
No target in view!
No target in view!
No target in view!
Things that are here:
a +0 whip {mace}; an adder corpse 2 gnolls come into view.
The gnoll shouts! x2; You hear a shout! x2
There are monsters nearby!
A gnoll comes into view. It is wielding a +0 spear.
The gnoll shouts!
A hobgoblin comes into view.
You hit the gnoll. The gnoll hits you with a +0 whip.
Natasha, Servant of Life and Death comes into view. 😕 HP[-3]
You take 3 damage, and now have 38/41 hp.
The gnoll attacks as you move away! The gnoll hits you with a +0 club.
Natasha hisses angrily. 😕 HP[-4]
You take 4 damage, and now have 34/41 hp.
The gnoll attacks as you move away! The gnoll misses you. 😕 HP[+1]
You barely miss the gnoll. You barely miss the gnoll.
The gnoll hits you but does no damage. You block the gnoll's attack.
The gnoll hits you but does no damage.
You barely miss the gnoll.
A bat comes into view.
The gnoll hits you from afar with a +0 spear.
The gnoll barely misses you. You furiously retaliate!
You headbutt the gnoll. The gnoll barely misses you.
The gnoll hits you with a +0 club.
The gnoll hits you from afar with a +0 spear.
The gnoll closely misses you.
The bat moves out of view. 😮 HP[-11]
You take 11 damage, and now have 24/41 hp.
MASSIVE DAMAGE!! (PAUSE)
The gnoll attacks as you move away! The gnoll hits you but does no damage.
You are too injured to fight recklessly!
You are too injured to fight recklessly!
You are too injured to fight recklessly!
You are too injured to fight recklessly!
You are too injured to fight recklessly!
You are too injured to fight recklessly!
You are too injured to fight recklessly!
You are too injured to fight recklessly!
You are too injured to fight recklessly!
You barely miss the gnoll. The gnoll hits you with a +0 whip.
* * * LOW HITPOINT WARNING * * *
Natasha howls an incantation.
You feel disoriented. 😨 HP[-4]
You take 4 damage, and now have 20/41 hp.
You hit the gnoll.
You kill the gnoll!
You barely miss the gnoll. The gnoll hits you with a +0 club.
* * * LOW HITPOINT WARNING * * *
The gnoll hits you from afar with a +0 spear.
* * * LOW HITPOINT WARNING * * *
The gnoll hits you with a +0 club.
* * * LOW HITPOINT WARNING * * *
You hit the gnoll but do no damage.
The gnoll hits you from afar with a +0 spear.
* * * LOW HITPOINT WARNING * * *
You block the gnoll's attack.
You thump the gnoll!
Natasha mumbles some strange words.
The gnoll hits you but does no damage. You block the gnoll's attack.
Natasha mumbles some strange words.
You hit the gnoll but do no damage.
The gnoll hits you from afar with a +0 spear.
* * * LOW HITPOINT WARNING * * *
The gnoll hits you with a +0 club!
You die...

Skill      XL: |  1  2 |
---------------+-------+-----
Fighting       | 4 |  4.7
Maces & Flails | 3 |  3.8
Armour         | 4 |  4.7
Shields        | |  3.6

Action                   |  1- 3 |  4- 6 || total
-------------------------+-------+-------++-------
Melee: Flail             |    83 |    20 ||   103
       Headbutt          |    10 |       ||    10
Armor: Scale mail        |    44 |     4 ||    48
Dodge: Dodged            |    49 |     8 ||    57
Block: Buckler           |    16 |     6 ||    22

Levels and vault maps discovered:
D:1:      lemuel_arrival_room, layout_basic, nicolae_eternal_life,
          chequers_serial_rivers_micro_a
D:2:      layout_basic, nicolae_ecumenical_oubliette, minmay_tromino_v4_a,
          uniq_jessica, uniq_robin
D:3:      layout_basic, nzn_wu_jian_contemplation, minmay_lizard_king,
          uniq_ijyb, uniq_natasha, uniq_grinder

Notes
Turn   | Place    | Note
-------+----------+-------------------------------------------
     0 | D:1      | Sanktem7 the Minotaur Fighter began the quest for the Orb.
     0 | D:1      | Reached XP level 1. HP: 19/19 MP: 0/0
     0 | D:1      | magus.rc [v1.9.6]
   215 | D:1      | Reached XP level 2. HP: 25/27 MP: 1/1
   295 | D:1      | You pick up a book of Spatial Translocations and begin
                  | reading...
   295 | D:1      | You add the spells Blink, Lesser Beckoning and Manifold
                  | Assault to your library.
   309 | D:1      | Reached skill level 4 in Fighting
   309 | D:1      | Reached skill level 3 in Maces & Flails
   309 | D:1      | Reached skill level 4 in Armour
   942 | D:1      | Reached XP level 3. HP: 33/33 MP: 2/2
  1080 | D:2      | Noticed Robin
  1099 | D:2      | Killed Robin
  1372 | D:2      | You pick up a book of Geomancy and begin reading...
  1372 | D:2      | You add the spells Sandblast, Passwall and Stone Arrow to
                  | your library.
  1446 | D:2      | Reached XP level 4. HP: 41/41 MP: 3/3
  1499 | D:2      | You fall into a shaft and drop 1 floor!
  1613 | D:3      | Noticed Natasha
  1623 | D:3      | HP: 10/41 [gnoll/+0 spear (5)]
  1625 | D:3      | Slain by a gnoll

Vanquished Creatures
  Robin (D:2)
  2 gnolls
  2 adders
  3 dart slugs
  4 endoplasms
  4 giant cockroaches
  10 goblins
  7 hobgoblins
  A quokka (D:1)
  A ball python (D:2)
  5 bats
  5 rats
45 creatures vanquished.

Table legend:
 A = Non-vault XP
 B = Vault XP
 C = Vault XP percentage of total XP
 D = Non-vault monster count
 E = Vault monster count
 F = Vault count percentage of total count
                 A         B        C        D         E       F
            +---------+---------+-------+---------+---------+-------
      Total |     105 |      37 |  26.1 |      32 |      13 |  28.9
            +---------+---------+-------+---------+---------+-------
        D:1 |      44 |       0 |   0.0 |      16 |       0 |   0.0
        D:2 |      27 |      37 |  57.8 |      11 |      13 |  54.2
        D:3 |      34 |       0 |   0.0 |       5 |       0 |   0.0
            +---------+---------+-------+---------+---------+-------

Illustrated notes

Table legend:
 A = Kills in this place as a percentage of kills in entire the game.
 B = Kills by you in this place as a percentage of kills by you in the entire game.
 C = Kills by friends in this place as a percentage of kills by friends in the entire game.
 D = Other kills in this place as a percentage of other kills in the entire game.
 E = Experience gained in this place as a percentage of experience gained in the entire game.
 F = Experience gained in this place divided by the number of levels of this place that you have seen.
                   A       B       C       D       E      F
               +-------+-------+-------+-------+-------+----------------------
         Total | 100.0 | 100.0 |   N/A |   N/A | 100.0 |  47.3
       Dungeon | 100.0 | 100.0 |   N/A |   N/A | 100.0 |  47.3
               +-------+-------+-------+-------+-------+----------------------

Table legend: (Time is in decaauts)
 A = Elapsed time spent in this place.
 B = Non-inter-level travel time spent in this place.
 C = Inter-level travel time spent in this place.
 D = Time resting spent in this place.
 E = Time spent auto-exploring this place.
 F = Levels seen in this place.
 G = Mean time per level.
                   A        B        C        D        E       F      G
               +--------+--------+--------+--------+--------+-----+--------+
         Total |   1653 |   1646 |      7 |      0 |   1385 |   3 |  551.0 |
       Dungeon |   1653 |   1646 |      7 |      0 |   1385 |   3 |  551.0 |
               +--------+--------+--------+--------+--------+-----+--------+

Top non-repeatable levels by time:
     D:1: 1060 daAuts
     D:2: 463 daAuts
     D:3: 129 daAuts
